 Dungeon Crawl Stone Soup version 0.21.1-1-g345015fe64 (webtiles) character file.

168 Gargoyl the Skirmisher (level 5, -3/46 HPs)
             Began as a Centaur Abyssal Knight on June 12, 2018.
             Was a Believer of Lugonu.
             Slain by a gnoll
             ... wielding a cursed +0 spear
              (4 damage)
             ... on level 3 of the Dungeon.
             The game lasted 00:06:53 (3333 turns).

Gargoyl the Skirmisher (Centaur Abyssal Knight)     Turns: 3333, Time: 00:06:53

Health: -3/46      AC:  9    Str: 15    XL:     5   Next: 24%
Magic:  7/7        EV:  4    Int: 11    God:    Lugonu [**....]
Gold:   115        SH:  0    Dex:  9    Spells: 4/4 levels left

rFire    . . .     SeeInvis .   d - +3 trident (venom)
rCold    . . .     Gourm    .   (no shield)
rNeg     . . .     Faith    .   l - +2 chain mail
rPois    +         Spirit   .   (no helmet)
rElec    .         Reflect  .   (no cloak)
rCorr    .         Harm     .   (no gloves)
MR       .....                  (no barding)
Stlth    ..........             (no amulet)
HPRegen  0.15/turn              i - ring of poison resistance
MPRegen  0.10/turn              (no ring)

@: flying, very quick
A: large, hooves 3, deformed body, speed 2, tough skin 3
a: Depart the Abyss, Bend Space, Renounce Religion


You were on level 3 of the Dungeon.
You worshipped Lugonu.
Lugonu was pleased with you.
You were not hungry.

You visited 1 branch of the dungeon, and saw 4 of its levels.
You visited the Abyss 1 time.

You collected 115 gold pieces.

Inventory:

Hand Weapons
 a - a +1 hand axe
 d - a +3 trident of venom (weapon)
Missiles
 k - 7 javelins (quivered)
Armour
 l - a +2 chain mail (worn)
Jewellery
 i - a ring of poison resistance (left hand)
Scrolls
 e - a scroll of fear
 h - a scroll of identify
Potions
 f - a potion of degeneration {unknown}
 j - a potion of ambrosia {unknown}
 m - a potion of magic {unknown}
 n - a potion of brilliance {unknown}
 o - a potion of cancellation {unknown}
 p - a potion of haste {unknown}
Comestibles
 c - 6 rations


   Skills:
 + Level 3.8 Fighting
 + Level 2.0 Axes
 - Level 0.3(1.2) Polearms
 * Level 2.6 Armour
 + Level 1.3 Dodging
 * Level 3.2 Invocations


You had 4 spell levels left.
You didn't know any spells.

Dungeon Overview and Level Annotations

Branches:
Dungeon (4/15)
 Temple: D:4-7

Altars:

Annotations:
D:3 enkamrat's ghost, amateur TrMo
D:4 denis1488's ghost, amateur GrMo


Innate Abilities, Weirdness & Mutations

You have hooves in place of feet.
Armour fits poorly on your strangely shaped body.
You cover ground very quickly.
You have extremely tough skin. (AC +3)


Message History

The goblin barely misses you. The goblin hits you but does no damage.
The gnoll hits you but does no damage. x2
You hit the goblin.
The goblin is poisoned.
The goblin is severely wounded.
You kill the goblin!
Lugonu accepts your kill. The goblin hits you but does no damage.
The gnoll hits you with a spear. x2
* * * LOW HITPOINT WARNING * * *
Unknown command.
You closely miss the gnoll. The goblin hits you but does no damage.
The gnoll barely misses you. The gnoll hits you with a spear.
* * * LOW HITPOINT WARNING * * *
The gnoll hits you with a club.
* * * LOW HITPOINT WARNING * * *
Unknown command.
It was a potion of flight.
You feel very buoyant.
You fly up into the air.
The goblin hits you but does no damage. The gnoll hits you but does no damage.
The gnoll hits you with a spear.
You die...

##..... #......
....... .......
....... ......g
......g#########
#.....g@(...)..#
##....g#g......#
###############


You could see 3 gnolls, a hobgoblin and a goblin.

Vanquished Creatures
  A crimson imp (D:3)
  A hound skeleton (D:4)
  3 adders (D:2)
  An ufetubus (Abyss:2)
  An ooze (D:2)
  A worm (D:2)
  4 dart slugs
  2 leopard geckos
  2 giant cockroaches
  10 hobgoblins
  4 jackals (D:1)
  15 kobolds
  8 bats
  3 frilled lizards
  7 goblins
  11 rats
74 creatures vanquished.

Notes
Turn   | Place    | Note
-------+----------+-------------------------------------------
     0 | Abyss:1  | Gargoyl the Centaur Abyssal Knight began the quest for the Orb.
     0 | Abyss:1  | Reached XP level 1. HP: 19/19 MP: 2/2
    44 | Abyss:1  | Found a corrupted altar of Lugonu.
    71 | Abyss:2  | Found a snail-covered altar of Cheibriados.
    88 | Abyss:2  | Noticed a hellwing
    89 | Abyss:2  | Noticed a hellwing
    99 | Abyss:2  | Noticed a deep elf demonologist
   117 | Abyss:2  | Noticed a small abomination
   154 | D:1      | Escaped the Abyss
   183 | D:1      | Reached XP level 2. HP: 16/26 MP: 3/3
   188 | D:1      | Reached * piety under Lugonu
   574 | D:1      | Reached XP level 3. HP: 30/31 MP: 4/4
  1119 | D:1      | Reached skill level 1 in Dodging
  1264 | D:1      | Reached ** piety under Lugonu
  1441 | D:2      | Reached XP level 4. HP: 18/40 MP: 5/5
  2630 | D:3      | Reached XP level 5. HP: 38/46 MP: 7/7
  2670 | D:3      | Noticed enkamrat's ghost (amateur TrMo)
  2719 | D:4      | Noticed denis1488's ghost (amateur GrMo)
  3332 | D:3      | HP: 1/46 [gnoll/club (6)]
  3333 | D:3      | Slain by a gnoll

Skill      XL: |  1  2  3  4 |
---------------+-------------+-----
Axes           | 2 |  2.0
Armour         | 2 |  2.6
Dodging        | 1 |  1.3
Invocations    | 3 |  3.2
Fighting       | |  3.8
Polearms       | |  0.3

Action                   |  1- 3 |  4- 6 || total
-------------------------+-------+-------++-------
Melee: Trident           |   124 |    90 ||   214
       Kick              |    14 |    17 ||    31
Throw: Javelin           |       |     3 ||     3
Invok: Depart the Abyss  |     1 |       ||     1
       Bend Space        |     2 |       ||     2
  Use: Scroll            |     7 |     4 ||    11
       Potion            |       |     1 ||     1
  Eat: Chunk             |     1 |     2 ||     3
       Ration            |       |     1 ||     1
Armor: Leather armour    |    62 |    10 ||    72
       Chain mail        |       |    66 ||    66
Dodge: Dodged            |    79 |    34 ||   113
